 Dungeon Crawl Stone Soup version 0.22-a0-348-gd16d139 (webtiles) character file.

5 4thArraOfDagon the Firebug (level 1, -4/11 HPs)
             Began as an Octopode Fire Elementalist on Apr 11, 2018.
             Slain by a worm (11 damage)
             ... on level 2 of the Dungeon.
             The game lasted 00:00:50 (194 turns).

4thArraOfDagon the Firebug (OpFE)                    Turns: 194, Time: 00:00:51

Health: -4/11      AC:  1    Str:  7    XL:     1   Next: 80%
Magic:  1/3        EV: 13    Int: 17    God:
Gold:   15         SH:  0    Dex: 12    Spells: 3/4 levels left

rFire    . . .     SeeInvis .   (no weapon)
rCold    . . .     Gourm    .   (no shield)
rNeg     . . .     Faith    .   (helmet restricted)
rPois    .         Spirit   .   (no amulet)
rElec    .         Reflect  .   (no ring)
rCorr    .         Harm     .   (no ring)
MR       .....                  (no ring)
Stlth    +++.......             (no ring)
HPRegen  0.03/turn              (no ring)
MPRegen  0.08/turn              (no ring)
                                (no ring)
                                (no ring)

@: no status effects
A: almost no armour, stealthy swim, amphibious, 8 rings, constrict 8, camouflage
1, gelatinous body 1
a: no special abilities


You were on level 2 of the Dungeon.
You were not hungry.

You visited 1 branch of the dungeon, and saw 2 of its levels.

You collected 15 gold pieces.

Inventory:

Missiles
 f - 3 javelins of returning (quivered)
Scrolls
 e - a scroll of teleportation {unknown}
Potions
 a - a potion of flight {unknown}
 c - a potion of curing {unknown}
 d - a potion of agility {unknown}
Comestibles
 b - 2 rations


   Skills:
 - Level 2.0 Dodging
 - Level 2.6 Stealth
 + Level 2.0 Spellcasting
 * Level 1.3 Conjurations
 * Level 3.1 Fire Magic


You had 3 spell levels left.
You knew the following spells:

 Your Spells              Type           Power        Failure   Level  Hunger
a - Flame Tongue          Conj/Fire      #....        8%          1    #......


Dungeon Overview and Level Annotations

Branches:
Dungeon (2/15)

Altars:


Innate Abilities, Weirdness & Mutations

You cannot wear most types of armour.
You are very stealthy in the water. (Stealth+)
You are amphibious.
You can wear up to eight rings at the same time.
You can use your tentacles to constrict eight enemies at once.
Your skin changes colour to match your surroundings (Stealth+).
Your rubbery body absorbs attacks. (AC +1, EV +1)


Message History

Aiming: Flame Tongue (safe; 8% risk of failure)
Press: ? - help, Shift-Dir - straight line, f/p - worm
Aim: a worm (lightly wounded)
The flame tongue hits the worm.
The worm is heavily wounded.
The worm bites you.
Unknown command.
You tentacle-slap the worm. You grab the worm.
The worm is heavily wounded.
You constrict the worm, but do no damage.
Unknown command.
You tentacle-slap the worm.
The worm is severely wounded.
You constrict the worm. The worm barely misses you.
Unknown command.
You tentacle-slap the worm but do no damage.
The worm is severely wounded.
You constrict the worm. The worm bites you!
Ouch! That really hurt!
You die...

############
#.@<....)...
#w##########
..( ####


You could see a worm.

Vanquished Creatures
  A goblin (D:1)
  A hobgoblin (D:1)
  2 kobolds
  A rat (D:2)
5 creatures vanquished.

Notes
Turn   | Place    | Note
-------+----------+-------------------------------------------
     0 | D:1      | 4thArraOfDagon the Octopode Fire Elementalist began the quest for the Orb.
     0 | D:1      | Reached XP level 1. HP: 11/11 MP: 3/3
     0 | D:1      | 4thArraOfDagon: !lg * max=mp x=mp
     4 | D:1      | beem: 8715918. [mp=151] Charly the Archmage (L27 OpAE of Ashenzari), escaped with the Orb and 15 runes on 2017-12-16 02:27:05, with 10331962 points after 166000 turns and 13:08:56.
   194 | D:2      | Slain by a worm

Vault maps used:
D:1:      dpeg_arrival_rooms_c
D:2:      lemuel_crystal_altar, first_ration

Action                   || total
-------------------------++-------
Melee: Unarmed           ||     3
       Constrict         ||     1
Throw: Javelin           ||     3
 Cast: Flame Tongue      ||     5
Dodge: Dodged            ||     1

Table legend:
 A = Spawn XP
 B = Non-spawn XP
 C = Spawn XP percentage of total XP
 D = Spawn monster count
 E = Non-spawn monster count
 F = Spawn count percentage of total count
 G = Total turns spent on level
                    A         B        C        D         E        F      G
               +---------+---------+-------+---------+---------+-------+---------
         Total |       0 |       8 |   0.0 |       0 |       5 |   0.0 |   194
               +---------+---------+-------+---------+---------+-------+---------
           D:1 |       0 |       6 |   0.0 |       0 |       3 |   0.0 |   183
           D:2 |       0 |       2 |   0.0 |       0 |       2 |   0.0 |    11
               +---------+---------+-------+---------+---------+-------+---------
